AoeStats
← CrazyBen

Oasis

508691646Analyzed
4v4 RM · 8d ago on Sep 23, 2026· 21m 20s· 8 players
Game mode
Random Map
Map size
Large (8 player)
Population
200
Speed
Normal
Resources
Standard
Victory
Conquest
Starting age
Dark Age
Ending age
Imperial Age
RankedLock teamsTeams togetherTeam positionsShared explorationLock speedFull tech treeHidden civsTurbo modeCheats
Victory
Defeat
🇹🇼 Japanese · Taiwan
1676
+8
🇹🇼 Saxons · Taiwan
1495
+15
🇹🇼 Varangians · Taiwan
1473
+16
🇹🇼 Varangians · Taiwan
1285
+23
🇦🇷 Inca · Argentina
1499
-17
🇺🇸 Japanese · United States
1484
-16
🇫🇷 Mongols · France
1464
-15
🇳🇱 Magyars · Netherlands
1424
-14
qwer
6:16 Loom
8:56 Feudal Age
12:03 Fletching
22:20 Castle Age
CrazyBen
10:00 Feudal Age
13:50 Castle Age
12:20 Double-Bit Axe
12:52 Fletching
15:32 Loom
18:33 Bodkin Arrow
20:33 Padded Archer Armor
Saloon_F_F
5:10 Loom
9:02 Feudal Age
10:41 Double-Bit Axe
10:49 Horse Collar
20:41 Scale Barding Armor
CansadoTarde
6:50 Loom
9:13 Feudal Age
9:43 Horse Collar
9:48 Double-Bit Axe
20:10 Fletching
Dimoon
6:56 Loom
9:25 Feudal Age
13:25 Forging
21:24 Castle Age
19:56 Scale Mail Armor
20:03 Scale Barding Armor
20:00 Double-Bit Axe
20:52 Horse Collar
21:27 Scale Mail Armor
21:59 Bloodlines
Kou_Bs
9:15 Feudal Age
9:36 Loom
10:43 Double-Bit Axe
11:45 Horse Collar
17:17 Forging
18:56 Bloodlines
18:55 Scale Barding Armor
一胎佩斯-ZHE
7:09 Loom
9:33 Feudal Age
13:35 Fletching
17:01 Double-Bit Axe
18:25 Horse Collar
SSS66618
6:21 Loom
9:01 Feudal Age
9:19 Man-at-Arms
12:51 Double-Bit Axe
14:17 Arson
16:08 Town Watch
18:19 Fletching
Connection lost

Rejoining the realm…

Still unreachable

The connection could not be restored.

Session expired

The server has moved on; the page needs a fresh start.